 Dungeon Crawl Stone Soup version 0.30.1-11-g7821555f0a (webtiles) character file.

Game seed: 2406953114908293174

130 Okkudo the Chopper (level 5, -5/47 HPs)
             Began as a Hill Orc Monk on Nov 29, 2023.
             Slain by a black bear (7 damage)
             ... on level 4 of the Dungeon.
             The game lasted 00:08:03 (2922 turns).

Okkudo the Chopper (Hill Orc Monk)                  Turns: 2922, Time: 00:08:03

Health: -5/47      AC:  6    Str: 14 (16) XL:     5   Next: 14%
Magic:  5/5        EV: 11    Int: 15 (16) God:
Gold:   67         SH:  0    Dex: 11 (13) Spells: 4/4 levels left

rFire   . . .        a - +0 hand axe
rCold   . . .        d - orb {light}
rNeg    . . .        m - +0 ring mail
rPois   .            (no helmet)
rElec   .            (no cloak)
rCorr   .            o - +0 pair of gloves
SInv    .            (no boots)
Will    .....        (no amulet) Stlth
                     i - +6 ring of intelligence
HPRegen 0.27/turn    (no ring)
MPRegen 0.09/turn

%: no passive effects
@: brilliant, glowing
A: no striking features
a: no special abilities


You were on level 4 of the Dungeon.
You visited 1 branch of the dungeon, and saw 4 of its levels.

You collected 67 gold pieces.

Inventory:

Hand Weapons
 a - a +0 hand axe (weapon)
Missiles
 r - 3 poisoned darts (quivered)
 s - 2 throwing nets
Armour
 d - an orb of light (worn)
 m - a +0 ring mail (worn)
 o - a +0 pair of gloves (worn)
Jewellery
 i - a +6 ring of intelligence (left hand)
Scrolls
 b - a scroll of amnesia
 f - a scroll of blinking
 g - 2 scrolls of teleportation
Potions
 c - 2 potions of ambrosia
 p - a potion of degeneration


   Skills:
 - Level 4.5 Fighting
 * Level 6.0 Axes
 - Level 3.1 Dodging


You had 4 spell levels left.
You didn't know any spells.
Your spell library contained the following spells:

 Spells                   Type           Power      Damage    Failure   Level
 Necrotise                Necr           0%         1d4       50%         1
 Ensorcelled Hibernation  Hex/Ice        0%         N/A       63%         2
 Passwall                 Tmut/Erth      0%         N/A       63%         2
 Call Canine Familiar     Summ           0%         N/A       86%         3
 Portal Projectile        Hex/Tloc       0%         N/A       86%         3
 Swiftness                Air            0%         N/A       86%         3
 Vampiric Draining        Necr           0%         2d6       86%         3
 Leda's Liquefaction      Hex/Erth       0%         N/A       99%         4
 Agony                    Necr           0%         N/A       100%        5


Dungeon Overview and Level Annotations

Branches:
Dungeon (4/15)
 Temple: D:4-7

Altars:

Shops:
D:3 =


Message History

The black bear is severely wounded.
The black bear bites you but does no damage.
The black bear claws you. The black bear completely misses you.
You hit the black bear but do no damage.
The black bear is severely wounded.
The black bear bites you. The black bear barely misses you. x2
You barely miss the black bear.
The black bear is heavily wounded.
The black bear bites you. The black bear closely misses you.
The black bear claws you but does no damage.
You hit the black bear but do no damage.
The black bear is heavily wounded.
The black bear barely misses you. The black bear claws you. x2
You hit the black bear but do no damage.
The black bear is heavily wounded.
The black bear barely misses you. The black bear claws you.
The black bear claws you but does no damage.
You hit the black bear.
The black bear is severely wounded.
The black bear bites you. The black bear claws you.
* * * LOW HITPOINT WARNING * * *
The black bear barely misses you.
You hit the black bear but do no damage.
The black bear is severely wounded.
The black bear bites you.
* * * LOW HITPOINT WARNING * * *
The black bear claws you but does no damage. x2
You hit the black bear.
The black bear is severely wounded.
The black bear goes berserk!
You hit the black bear.
The black bear is severely wounded.
The black bear bites you!
* * * LOW HITPOINT WARNING * * *
The black bear barely misses you. The black bear claws you.
* * * LOW HITPOINT WARNING * * *
You hit the black bear.
The black bear is severely wounded.
The black bear bites you!
You die...

..## ..#
... ..# #
##.#
#.##..#
#.....#
#..@#
#.#h#
#........#
#.#...####
#.##### .
##


You could see a black bear (berserk).

Vanquished Creatures
  3 adders
  A gnoll (D:1)
  3 worms
  A dart slug (D:3)
  5 orcs (D:3)
  7 ball pythons
  6 bats
  3 endoplasms
  5 giant cockroaches
  11 goblins
  5 hobgoblins
  6 jackals (D:2)
  7 kobolds
  3 quokkas
  4 frilled lizards
  A rat (D:1)
71 creatures vanquished.

Notes
Turn   | Place    | Note
-------+----------+-------------------------------------------
     0 | D:1      | Okkudo the Hill Orc Monk began the quest for the Orb.
     0 | D:1      | Reached XP level 1. HP: 19/19 MP: 1/1
    70 | D:1      | Reached XP level 2. HP: 27/27 MP: 2/2
   131 | D:1      | Reached XP level 3. HP: 6/33 MP: 3/3
   919 | D:2      | Found a faded altar of an unknown god.
   948 | D:2      | Reached XP level 4. HP: 21/41 MP: 4/4
  1163 | D:2      | Reached skill level 5 in Axes
  2099 | D:3      | Reached XP level 5. HP: 24/47 MP: 5/5
  2380 | D:3      | Identified the +4 whip "Pedop" {holy, rPois rF+ SInv}
  2446 | D:3      | Found Yrubleen's Jewellery Shop.
  2472 | D:3      | Reached skill level 6 in Axes
  2904 | D:4      | Noticed a black bear
  2921 | D:4      | HP: 2/47 [black bear (4)]
  2922 | D:4      | Slain by a black bear

Illustrated notes

Levels and vault maps discovered:
D:1:      noname_arrival_rooms_in_the_neighbourhood, layout_rooms
D:2:      layout_loops_ring, hellmonk_ecumenical_altar_pennies_from_heaven,
          grunt_ministairs_4, chequers_serial_rivers_micro_b
D:3:      layout_basic, serial_shops, nicolae_shop_just_a_little_nook,
          minmay_hedge_maze, kennysheep_decorative_pillar
D:4:      layout_basic, kennysheep_little_box, elyvilon_altar_5,
          minmay_misc_feat_five

Skill      XL: |  1  2  3  4  5 |
---------------+----------------+-----
Fighting       | 4 |  4.5
Dodging        | 3 |  3.1
Axes           | 5 6 |  6.0

Action                     |  1- 3 |  4- 6 || total
---------------------------+-------+-------++-------
  Melee: Hand axe          |    80 |   162 ||   242
    Use: Scroll            |       |     5 ||     5
         Potion            |       |     5 ||     5
 Armour: Robe              |    15 |     2 ||    17
         Ring mail         |       |    88 ||    88
  Dodge: Dodged            |    50 |   118 ||   168
